 Dungeon Crawl Stone Soup version 0.30-a0-377-g5cb311bc9f (webtiles) character file.

Game seed: 4048672943614029046

805 lokiplouj the Trooper (level 7, 0/63 HPs)
             Began as a Minotaur Fighter on Nov 30, 2022.
             Was a Believer of Okawaru.
             Slain by a shadow imp (2 damage)
             ... summoned by Eustachio
             ... on level 4 of the Dungeon on Dec 1, 2022.
             The game lasted 00:07:25 (3692 turns).

lokiplouj the Trooper (Minotaur Fighter)            Turns: 3692, Time: 00:07:26

Health: 0/63       AC:  7    Str: 23    XL:     7   Next: 60%
Magic:  5/6        EV:  9    Int:  5    God:    Okawaru [**....]
Gold:   190        SH:  5    Dex:  9    Spells: 6/6 levels left

rFire   + + .      SeeInvis .    y - +2 flail (holy)
rCold   x x .      Faith    .    c - +0 buckler
rNeg    . . .      Spirit   .    b - +0 scale mail
rPois   .          Reflect  .    (helmet restricted)
rElec   .          Harm     .    (no cloak)
rCorr   .          Rampage  .    (no gloves)
Will    .....                    (no boots)
Stlth   ..........               (no amulet)
HPRegen 0.30/turn                h - ring of fire
MPRegen 0.10/turn                p - ring of fire

@: mighty
A: horns 2, retaliatory headbutt
a: Renounce Religion, Heroism


You were on level 4 of the Dungeon.
You worshipped Okawaru.
Okawaru was pleased with you.
You visited 1 branch of the dungeon, and saw 4 of its levels.

You collected 190 gold pieces.

Inventory:

Hand Weapons
 a - a +0 war axe
 o - a +1 mace of protection
 y - a +2 flail of holy wrath (weapon)
Missiles
 n - 2 silver javelins (quivered)
Armour
 b - a +0 scale mail (worn)
 c - a +0 buckler (worn)
Jewellery
 h - a ring of fire (left hand)
 p - a ring of fire (right hand)
Wands
 C - a wand of paralysis (6)
Scrolls
 e - a scroll of poison {unknown}
 f - 2 scrolls of teleportation {unknown}
 k - a scroll of silence {unknown}
 l - 4 scrolls of noise {unknown}
 m - 2 scrolls of torment {unknown}
 s - 2 scrolls of enchant armour {unknown}
 t - 2 scrolls of identify {unknown}
 u - 2 scrolls of immolation {unknown}
 z - a scroll of fear {unknown}
Potions
 d - a potion of might
 g - 2 potions of resistance {unknown}
 i - 3 potions of curing {unknown}
 j - 2 potions of mutation {unknown}
 q - 2 potions of attraction {unknown}
 r - a potion of experience {unknown}
 v - a potion of brilliance {unknown}
 w - a potion of degeneration {unknown}
 x - a potion of cancellation {unknown}
 A - a potion of heal wounds {unknown}
 B - a potion of haste {unknown}


   Skills:
 + Level 6.3 Fighting
 + Level 5.6 Axes
 + Level 6.2 Armour
 + Level 6.2 Shields


You had 6 spell levels left.
You didn't know any spells.
Your spell library was empty.

Dungeon Overview and Level Annotations

Branches:
Dungeon (4/15)
 Temple: D:4-7

Altars:
Cheibriados
Elyvilon
Makhleb
Okawaru
Trog

Annotations:
D:4 Eustachio


Innate Abilities, Weirdness & Mutations

You have a pair of horns on your head.
You reflexively headbutt those who attack you in melee.


Message History

The rat barely misses you. You furiously retaliate!
You headbutt the rat!
You kill the rat!
The rat's corpse disappears in a puff of smoke!
You miss Eustachio. Your headbutt misses Eustachio.
Eustachio is severely wounded.
You block the bat's attack. The bat barely misses you. You furiously retaliate!
You headbutt the bat.
Eustachio casts a spell.
The bat barely misses you. The rat bites you.
Eustachio hits you with a +2 rapier of freezing.
Eustachio freezes you.
You hit Eustachio.
Eustachio is severely wounded.
You block the bat's attack. You block the rat's attack.
You block Eustachio's attack. The bat hits you but does no damage.
The rat barely misses you.
You hit Eustachio.
Eustachio is almost dead.
The bat completely misses you. You block the bat's attack.
The bat hits you but does no damage. x2
Eustachio hits you with a +2 rapier of freezing!
* * * LOW HITPOINT WARNING * * *
Eustachio freezes you.
* * * LOW HITPOINT WARNING * * *
The iron imp barely misses you. You furiously retaliate!
You headbutt the iron imp!
You feel very mighty all of a sudden. The bat hits you but does no damage.
The bat hits you.
* * * LOW HITPOINT WARNING * * *
The bat barely misses you.
Eustachio hits you with a +2 rapier of freezing!
* * * LOW HITPOINT WARNING * * *
Eustachio freezes you.
* * * LOW HITPOINT WARNING * * *
You miss Eustachio. Your headbutt misses Eustachio.
Eustachio is almost dead.
You block the bat's attack. The bat hits you.
* * * LOW HITPOINT WARNING * * *
The shadow imp hits you.
You die...

## #......######....####
#.
##..####'##......[......#
##
#.........+.............#
#.........#.............#
###...##..#.............#
#...##..##+########'#.####
#.. #......b..........#...
#.. #...5.................
#. #...5@b.......†.......
#. ###.@r5##..####..###..
#..r.##..# #### #..
........ #.. !........ #..
............ #..
............. #..
##.##..#################
######..##.......


You could see Eustachio, an iron imp (summoned), a river rat (summoned), 2
shadow imps, 2 bats and a rat (summoned).

Vanquished Creatures
  Grinder (D:4)
  Sigmund (D:4)
  Edmund (D:4)
  A phantom (D:3)
  A scorpion (D:4)
  A jelly (D:4)
  An iguana (D:4)
  3 gnolls (D:4)
  4 adders
  A worm (D:2)
  4 dart slugs
  8 orcs (D:3)
  5 bats
  7 endoplasms
  6 hobgoblins
  3 jackals (D:1)
  A quokka (D:1)
  3 ball pythons
  2 frilled lizards (D:3)
  A goblin (D:3)
  2 kobolds (D:4)
  3 rats
60 creatures vanquished.

Vanquished Creatures (others)
  A plant (D:1)
1 creature vanquished.

Grand Total: 61 creatures vanquished

Notes
Turn   | Place    | Note
-------+----------+-------------------------------------------
     0 | D:1      | lokiplouj the Minotaur Fighter began the quest for the Orb.
     0 | D:1      | Reached XP level 1. HP: 19/19 MP: 0/0
   115 | D:1      | Reached XP level 2. HP: 27/27 MP: 1/1
   694 | D:2      | Found a burning altar of Makhleb.
   817 | D:2      | Reached XP level 3. HP: 33/33 MP: 2/2
  1319 | D:2      | Found a faded altar of an unknown god.
  1613 | D:2      | Prayed at the altar of an unknown god.
  1613 | D:2      | Became a worshipper of Warmaster Okawaru
  1613 | D:2      | Reached * piety under Okawaru
  1989 | D:3      | Found a white marble altar of Elyvilon.
  2199 | D:3      | Reached XP level 4. HP: 41/41 MP: 3/3
  2442 | D:4      | Noticed a phantom
  2490 | D:3      | Killed a phantom
  2491 | D:3      | Reached XP level 5. HP: 44/47 MP: 4/4
  2643 | D:4      | Found a snail-covered altar of Cheibriados.
  2667 | D:4      | Noticed Edmund
  2679 | D:4      | Killed Edmund
  2680 | D:4      | Reached skill level 5 in Fighting
  2680 | D:4      | Reached skill level 5 in Armour
  2680 | D:4      | Reached skill level 5 in Shields
  2680 | D:4      | Reached XP level 6. HP: 16/56 MP: 2/5
  2833 | D:4      | Noticed Sigmund
  2846 | D:4      | Killed Sigmund
  3232 | D:4      | Found a bloodstained altar of Trog.
  3247 | D:4      | Noticed Grinder
  3259 | D:4      | Killed Grinder
  3259 | D:4      | Reached ** piety under Okawaru
  3260 | D:4      | Reached skill level 5 in Axes
  3260 | D:4      | Reached XP level 7. HP: 25/63 MP: 6/6
  3666 | D:4      | Noticed Eustachio
  3691 | D:4      | HP: 3/63 [Eustachio/+2 rapier of freezing (1)]
  3692 | D:4      | Slain by a shadow imp

Illustrated notes

Levels and vault maps discovered:
D:1:      lightli_arrival_quake, layout_basic, serial_forest,
          infiniplex_forest_fountain, infiniplex_forest_clump_double,
          infiniplex_forest_lined_3, infiniplex_forest_clump_tiny,
          infiniplex_forest_clump_medium, infiniplex_forest_zigzag_2,
          infiniplex_forest_end_1, infiniplex_forest_clump_long,
          infiniplex_forest_split
D:2:      layout_loops_corners, basic_altar,
          shapermc_ecumenical_altar_notcrosses,
          nicolae_concentric_dashed_squares_mild, chequers_decorated_corner
D:3:      layout_loops_ring, nicolae_elyvilon_peaceful_grove
D:4:      layout_gridville, kennysheep_slug_shrine, bloody_trog, uniq_eustachio,
          uniq_grinder, uniq_edmund, uniq_sigmund

Skill      XL: |  1  2  3  4  5  6 |
---------------+-------------------+-----
Fighting       | 4 5 6 |  6.3
Shields        | 4 5 6 |  6.2
Armour         | 4 5 6 |  6.2
Axes           | 3 4 5 |  5.6

Action                   |  1- 3 |  4- 6 |  7- 9 || total
-------------------------+-------+-------+-------++-------
Melee: War axe           |    44 |       |       ||    44
       Headbutt          |    15 |    18 |     1 ||    34
       Mace              |    27 |    41 |       ||    68
       Flail             |       |    34 |    27 ||    61
Invok: Heroism           |       |     1 |     1 ||     2
  Use: Potion            |       |       |     1 ||     1
Armor: Scale mail        |    27 |    26 |    17 ||    70
Dodge: Dodged            |    33 |    18 |    24 ||    75
Block: Buckler           |    10 |    13 |    15 ||    38

Table legend: (Time is in decaauts)
 A = Elapsed time spent in this place.
 B = Non-inter-level travel time spent in this place.
 C = Inter-level travel time spent in this place.
 D = Time resting spent in this place.
 E = Time spent auto-exploring this place.
 F = Levels seen in this place.
 G = Mean time per level.
                   A        B        C        D        E       F      G
               +--------+--------+--------+--------+--------+-----+--------+
         Total |   3748 |   3459 |    289 |      0 |   2980 |   4 |  937.0 |
       Dungeon |   3748 |   3459 |    289 |      0 |   2980 |   4 |  937.0 |
               +--------+--------+--------+--------+--------+-----+--------+

Top non-repeatable levels by time:
     D:4: 1124 daAuts
     D:2: 1080 daAuts
     D:3: 884 daAuts
     D:1: 659 daAuts
